 Dungeon Sprint DCSS version 0.17-a0-2109-g117576f (webtiles) character file.

140 Kidiri the Sneak (level 5, 0/28 HPs)
             Began as a Kobold Enchanter on Oct 19, 2015.
             Slain by a shadow (12 damage)
             ... in the Dungeon (Sprint III: "The Ten Rune Challenge").
             The game lasted 00:02:19 (490 turns).

Kidiri the Sneak (Kobold Enchanter)                  Turns: 490, Time: 00:02:20

Health: 0/28       AC:  2    Str:  7    XL:     5   Next: 46%
Magic:  4/11       EV: 18    Int: 15    God:
Gold:   21         SH:  0    Dex: 17    Spells: 4 memorised, 3 levels left

rFire  + . .     SeeInvis .     a - +1 dagger
rCold  + . .     Clarity  .     b - +1 robe
rNeg   . . .     SustAt   .     (shield restricted)
rPois  .         Gourm    .     (no helmet)
rElec  .         Spirit   .     (no cloak)
rCorr  .         Warding  .     (no gloves)
rMut   .         NoTele   +     (no boots)
MR     .....                    (no amulet)
Stlth  ++++......               (no ring)
                                (no ring)

@: not resistant to hostile enchantments, stealthy
A: carnivore 3, clever 1, cold resistance 1, deformed body, fire resistance 1,
screaming 1
a: no special abilities


You were in the Dungeon.
You were not hungry.

You visited 1 branch You collected 21 gold pieces.

Inventory:

Hand Weapons
 a - a +1 dagger (weapon)
Armour
 b - a +1 robe (worn)
Scrolls
 j - a scroll of blinking
 m - 2 scrolls of holy word {unknown}
 o - a scroll of enchant armour {unknown}
 s - a scroll of torment {unknown}
 t - 2 scrolls of remove curse
Potions
 e - a potion of curing
 f - a potion of heal wounds
 g - a potion of haste
 h - 2 potions of magic
 i - a potion of berserk rage
 q - a potion of might
 r - 2 potions of flight
 u - 2 potions of cure mutation
Books
 c - a book of Maledictions

   Spells                             Type                      Level
   a - Corona                         Hexes                        1
   b - Ensorcelled Hibernation        Hexes/Ice                    2
   c - Confuse                        Hexes                        3
   d - Tukima's Dance                 Hexes                        3
   e - Dazzling Spray                 Conjuration/Hexes            3
Comestibles
 d - a meat ration
 k - a slice of pizza
 p - 2 royal jellies


   Skills:
 * Level 5.9 Short Blades
 + Level 2.0 Armour
 * Level 5.8 Dodging
 * Level 7.1 Stealth
 * Level 4.4 Spellcasting
 + Level 4.2 Hexes
 + Level 2.0 Ice Magic


You had 3 spell levels left.
You knew the following spells:

 Your Spells              Type           Power        Failure   Level  Hunger
a - Corona                Hex            ###....      3%          1    None
b - Ensorcelled Hibernat  Hex/Ice        ##....       10%         2    ##.....
c - Confuse               Hex            ###.....     12%         3    ###....
d - Tukima's Dance        Hex            ###.....     12%         3    ###....


Dungeon Overview and Level Annotations

Branches:
Dungeon (1/1)

Altars:


Innate Abilities, Weirdness & Mutations

You are small and have problems with some larger weapons.
You are carnivorous and can eat meat at any time.
Your mind is acute. (Int +2)
Your flesh is cold resistant.
Armour fits poorly on your strangely shaped body.
Your flesh is heat resistant.
You occasionally shout uncontrollably at your foes.


Message History

The shadow barely misses you.
You barely miss the shadow. The jelly closely misses you.
You hit the shadow.
The shadow is lightly damaged.
The shadow closely misses you.
Casting: Confuse
Confirm with . or Enter, or press ? or * to list all spells.
Aiming: Ensorcelled Hibernation
Press: ? - help, Shift-Dir - straight line, f - jelly, p - shadow
Aim: a jelly (chance to defeat MR: 51%)
The jelly resists with some effort.
The jelly closely misses you. The shadow closely misses you.
Casting: Ensorcelled Hibernation
Confirm with . or Enter, or press ? or * to list all spells.
Aiming: Ensorcelled Hibernation
Press: ? - help, Shift-Dir - straight line, f/p - jelly
Aim: a jelly (chance to defeat MR: 51%)
The jelly resists with some effort.
The jelly hits you but does no damage. The shadow hits you!
You die...

▓▓▓ ▓▓▓ ..♣ ♣.# ..♣♣♣
♣♣.# ..♣.♣ ♣..#
..≈♣♣♣♣♣.###+#+###+##
.≈≈♣.♣ ♣.#.......J..#
≈≈≈≈.♣♣♣.'.⌠....@W..#
≈≈≈≈≈≈♣..#...######'#
≈≈≈≈≈....#.⌠.# #...#
≈≈≈≈.....#...# #...#
≈≈.......#+### #..J#
.........# #..%+
.........# +...#
▓▓▓▓▓▓▓▓▓▓ ▓▓▓▓▓


You could see a shadow and a jelly.

Vanquished Creatures
  A water elemental (D)
  A wolf (D)
  Jessica (D)
  A human (D)
  An ooze (D)
  2 rats (D)
7 creatures vanquished.

Vanquished Creatures (others)
  2 draconian scorchers (D)
  A yaktaur (D)
3 creatures vanquished.

Grand Total: 10 creatures vanquished

Notes
Turn   | Place    | Note
--------------------------------------------------------------
     0 | D        | Kidiri the Kobold Enchanter began the quest for the Orb.
     0 | D        | Reached XP level 1. HP: 10/10 MP: 3/3
   115 | D        | Killed a yaktaur
   270 | D        | Killed a white draconian scorcher
   276 | D        | Noticed Jessica
   278 | D        | Killed Jessica
   278 | D        | Reached skill level 1 in Armour
   278 | D        | Reached skill level 5 in Stealth
   278 | D        | Reached XP level 2. HP: 15/15 MP: 4/6
   278 | D        | Reached XP level 3. HP: 19/19 MP: 4/7
   295 | D        | Learned a level 2 spell: Ensorcelled Hibernation
   299 | D        | Learned a level 3 spell: Confuse
   317 | D        | Noticed a wolf
   325 | D        | Killed a wolf
   325 | D        | Reached skill level 1 in Ice Magic
   325 | D        | Reached XP level 4. HP: 20/24 MP: 3/9
   330 | D        | Learned a level 3 spell: Tukima's Dance
   387 | D        | Reached skill level 6 in Stealth
   388 | D        | Killed a white draconian scorcher
   422 | D        | Gained mutation: Your flesh is heat resistant. [potion of mutation]
   422 | D        | Gained mutation: You occasionally shout uncontrollably at your foes. [potion of mutation]
   422 | D        | Gained mutation: Armour fits poorly on your strangely shaped body. [potion of mutation]
   423 | D        | Gained mutation: Your flesh is cold resistant. [potion of mutation]
   423 | D        | Gained mutation: Your mind is acute. (Int +2) [potion of mutation]
   457 | D        | Noticed a water elemental
   460 | D        | Killed a water elemental
   460 | D        | Reached skill level 5 in Short Blades
   460 | D        | Reached skill level 5 in Dodging
   460 | D        | Reached skill level 7 in Stealth
   460 | D        | Reached XP level 5. HP: 28/28 MP: 9/11
   477 | D        | Noticed a jelly
   478 | D        | Noticed a shadow
   490 | D        | Slain by a shadow

Vault maps used:
D:        dungeon_sprint_mu

Action                   |  1- 3 |  4- 6 || total
-------------------------+-------+-------++-------
Melee: Dagger            |    19 |     9 ||    28
 Cast: Ensorcelled Hiber |     2 |     3 ||     5
       Confuse           |       |     1 ||     1
  Use: Scroll            |       |     3 ||     3
       Potion            |       |     2 ||     2
 Stab: Sleeping          |     2 |     2 ||     4
